 Dungeon Crawl Stone Soup version 0.28.0-45-g0d030f2227 (webtiles) character file.

Game seed: 1187468362106796379

27 101zpm the Magician (level 3, -1/25 HPs)
             Began as a Djinni Ice Elementalist on Apr 17, 2022.
             Slain by a hound (2 damage)
             ... on level 4 of the Dungeon.
             The game lasted 00:02:10 (1482 turns).

101zpm the Magician (Djinni Ice Elementalist)       Turns: 1482, Time: 00:02:11

Health: -1/25      AC:  2    Str:  7    XL:     3   Next: 25%
Gold:   56         EV: 12    Int: 18    God:
                   SH:  0    Dex: 13

rFire   + + .      SeeInvis .   b - +1 hand axe (vorpal)
rCold   x . .      Faith    .   (no shield)
rNeg    . . .      Spirit   .   a - +0 robe
rPois   ∞          Reflect  .   (no helmet)
rElec   .          Harm     .   (no cloak)
rCorr   .          Rampage  .   (no gloves)
Will    .....                   (boots unavailable)
Stlth   ++........              (no amulet)
HPRegen 0.08/turn               (no ring)
MPRegen 0.00/turn               (no ring)

@: flying
A: sickness immunity, fire resistance 2, cold vulnerability 1, float, innate
caster, HP casting, extra vitality 1
a: no special abilities


You were on level 4 of the Dungeon.
You visited 1 branch of the dungeon, and saw 4 of its levels.

You collected 56 gold pieces.

Inventory:

Hand Weapons
 b - a +1 vorpal hand axe (weapon)
Missiles
 k - 29 arrows
 l - 17 bolts
Armour
 a - a +0 robe (worn)
Scrolls
 d - a scroll of amnesia {unknown}
 e - a scroll of magic mapping {unknown}
 i - a scroll of fog {unknown}
 j - a scroll of enchant weapon {unknown}
Potions
 c - a potion of might {unknown}
 f - 4 potions of curing {unknown}
 g - a potion of flight {unknown}
 h - a potion of degeneration {unknown}


   Skills:
 + Level 0.2 Fighting
 + Level 0.5 Axes
 + Level 2.2 Dodging
 + Level 1.6 Stealth
 + Level 3.8 Spellcasting


You couldn't memorise any spells.
You knew the following spells:

 Your Spells              Type           Power      Damage    Failure   Level
a - Freeze                Ice            68%        1d8       3%          1
b - Frozen Ramparts       Ice            34%        1d5       10%         3
c - Ozocubu's Armour      Ice            17%        N/A       10%         3
d - Hailstorm             Conj/Ice       17%        3d6       30%         4
e - Beastly Appendage     Tmut           34%        N/A       3%          1
Your spell library was empty.

Dungeon Overview and Level Annotations

Branches:
Dungeon (4/15)
 Temple: D:4-7

Altars:

Annotations:
D:2 Terence


Innate Abilities, Weirdness & Mutations

You are immune to sickness and miasma.
You are immune to poison.
Your flesh is very heat resistant. (rF++)
You are vulnerable to cold. (rC-)
You float through the air rather than walking.
You learn spells naturally, not from books.
Your magical power is your life essence.
You have superior vitality. (+4 MHP)


Message History

Found 12 gold pieces.
The dart slug launches a dart at you. The slug dart hits you.
Casting: Freeze (safe; 3% risk of failure)
Confirm with . or Enter, or press ? or * to list all spells.
The spell is quite dangerous to miscast (10% risk of failure)!
Continue anyway?
Casting: Frozen Ramparts (quite dangerous; 10% risk of failure)
Press: ? - help, Dir - look around, f - activate The walls around you are covered in ice.
The hound barks!
The hound stops to sniff the ground.
The wall freezes the dart slug.
The dart slug launches a dart at you. The slug dart hits you.
The wall freezes the hound.
The wall freezes the dart slug.
The hound barely misses you.
You hit the dart slug.
You kill the dart slug!
You hit the hound. The hound barely misses you.
You closely miss the hound.
The hound is heavily wounded.
The hound bites you. The hound barely misses you.
You miss the hound.
The hound is heavily wounded.
The frozen ramparts melt away.
The hound closely misses you. The hound bites you but does no damage.
You hit the hound but do no damage.
The hound is heavily wounded.
The hound misses you. The hound closely misses you.
You hit the hound but do no damage.
The hound is heavily wounded.
The hound bites you.
* * * LOW HITPOINT WARNING * * *
The hound barely misses you.
You barely miss the hound.
The hound is heavily wounded.
The hound closely misses you. The hound bites you.
* * * LOW HITPOINT WARNING * * *
The hound bites you.
You die...

########
+..$...#
#......#
#......#
#......#
#......#
#.....†#
#....h.#
#....@##
#.....#
#.....#
#.....#
#.....#
#.<...#
#.....#
#.....#
#.....#


You could see a hound.

Vanquished Creatures
  An adder skeleton (D:4)
  A worm (D:3)
  A dart slug (D:4)
  2 endoplasms (D:1)
  A giant cockroach (D:1)
  4 goblins
  A hobgoblin (D:1)
  5 ball pythons
  A bat (D:1)
  A frilled lizard (D:1)
18 creatures vanquished.

Vanquished Creatures (others)
  7 plants (D:1)
7 creatures vanquished.

Grand Total: 25 creatures vanquished

Notes
Turn   | Place    | Note
-------+----------+-------------------------------------------
     0 | D:1      | 101zpm the Djinni Ice Elementalist began the quest for the
                  | Orb.
     0 | D:1      | Reached XP level 1. HP: 15/15 MP: 0/0
   177 | D:1      | Reached XP level 2. HP: 18/21 MP: 0/0
   855 | D:1      | Found a faded altar of an unknown god.
  1311 | D:2      | Noticed Terence
  1451 | D:3      | Reached XP level 3. HP: 23/25 MP: 0/0
  1451 | D:3      | Learned a level 1 spell: Beastly Appendage
  1481 | D:4      | HP: 1/25 [hound (4)]
  1482 | D:4      | Slain by a hound

Illustrated notes

Levels and vault maps discovered:
D:1:      roderic_crop_circles_arrival_small, layout_loops_ring,
          ebering_ecumenical_altar_abandoned
D:2:      layout_basic, kennysheep_pointless_box, uniq_terence
D:3:      layout_rooms, uniq_jessica
D:4:      layout_gridville, mainiacjoe_overflow_surrounded_room

Action                   || total
-------------------------++-------
Melee: Hand axe          ||    56
 Cast: Freeze            ||     2
       Frozen Ramparts   ||     1
 Stab: Sleeping          ||     5
Armor: Robe              ||     6
Dodge: Dodged            ||    36
